 Dungeon Crawl Stone Soup version 0.29-a0-982-gaed3a0c8d8 (webtiles) character file.

Game seed: 4578378642264018183

55 MisterAzrael the Insei (level 4, -9/33 HPs)
             Began as a Djinni Transmuter on Aug 1, 2022.
             Mangled by Sigmund
             ... wielding a +0 scythe
              (15 damage)
             ... on level 3 of the Dungeon.
             The game lasted 00:02:27 (2444 turns).

MisterAzrael the Insei (Djinni Transmuter)          Turns: 2444, Time: 00:02:28

Health: -9/33      AC:  2    Str:  9    XL:     4   Next: 14%
Gold:   140        EV: 12    Int: 16    God:
                   SH:  0    Dex: 14

rFire   + + .      SeeInvis .     - Unarmed
rCold   x . .      Faith    .   (no shield)
rNeg    . . .      Spirit   .   a - +0 robe
rPois   ∞          Reflect  .   (no helmet)
rElec   .          Harm     .   (no cloak)
rCorr   .          Rampage  .   (no gloves)
Will    .....                   (boots unavailable)
Stlth   +.........              (no amulet)
HPRegen 0.11/turn               (no ring)
MPRegen 0.00/turn               (no ring)

@: flying
A: sickness immunity, fire resistance 2, cold vulnerability 1, float, innate
caster, HP casting, extra vitality 1
a: no special abilities


You were on level 3 of the Dungeon.
You visited 1 branch of the dungeon, and saw 3 of its levels.

You collected 140 gold pieces.

Inventory:

Armour
 a - a +0 robe (worn)
Magical Staves
 i - a staff of death
Scrolls
 d - a scroll of torment {unknown}
 e - a scroll of fear
 f - a scroll of teleportation {unknown}
 g - a scroll of vulnerability {unknown}
 j - a scroll of enchant armour {unknown}
 k - 2 scrolls of poison {unknown}
 o - a scroll of identify {unknown}
Potions
 b - 2 potions of lignification
 c - a potion of mutation {unknown}
 h - a potion of haste {unknown}
 l - a potion of ambrosia {unknown}
 m - a potion of flight {unknown}
 n - a potion of degeneration {unknown}


   Skills:
 * Level 2.2 Fighting
 + Level 2.7 Dodging
 * Level 3.6 Unarmed Combat
 + Level 1.9 Spellcasting


You couldn't memorise any spells.
You knew the following spells:

 Your Spells              Type           Power      Damage    Failure   Level
a - Beastly Appendage     Tmut           14%        N/A       10%         1
b - Wereblood             Tmut           7%         N/A       14%         2
c - Spider Form           Tmut/Pois      7%         N/A       28%         3
d - Ice Form              Ice/Tmut       7%         N/A       67%         4
e - Freeze                Ice            28%        1d5       10%         1
Your spell library was empty.

Dungeon Overview and Level Annotations

Branches:
Dungeon (3/15)

Altars:

Annotations:
D:3 Sigmund


Innate Abilities, Weirdness & Mutations

You are immune to sickness and miasma.
You are immune to poison.
Your flesh is very heat resistant. (rF++)
You are vulnerable to cold. (rC-)
You float through the air rather than walking.
You learn spells naturally, not from books.
Your magical power is your life essence.
You have superior vitality. (+4 MHP)


Message History

As you read the scroll labelled AGOUBIRIVU, it crumbles to dust.
You assume a fearsome visage.
Sigmund looks frightened!
It was a scroll of fear.
Sigmund gestures wildly while chanting.
Sigmund flickers and vanishes!
Deactivating autopickup; reactivate with Ctrl-A.
Casting: Freeze (safe; 10% risk of failure)
Confirm with . or Enter, or press ? or * to list all spells.
Aiming: Freeze (safe; 10% risk of failure)
Press: ? - help, Shift-Dir - straight line You freeze something.
Casting: Freeze (safe; 10% risk of failure)
Confirm with . or Enter, or press ? or * to list all spells.
You don't know that spell.
You miss something.
Something hits the fungus!
The fungus begins to die.
Casting: Freeze (safe; 10% risk of failure)
Confirm with . or Enter, or press ? or * to list all spells.
Aiming: Freeze (safe; 10% risk of failure)
Press: ? - help, Shift-Dir - straight line You freeze something.
Casting: Freeze (safe; 10% risk of failure)
Confirm with . or Enter, or press ? or * to list all spells.
You can't see any susceptible monsters within range! (Use Z to cast anyway.)
Casting: Freeze (safe; 10% risk of failure)
Confirm with . or Enter, or press ? or * to list all spells.
Aiming: Freeze (safe; 10% risk of failure)
Press: ? - help, Shift-Dir - straight line You freeze something.
You hear some strange, mumbled words.
You are confused.
You're too confused to cast spells.
You're too confused to move!
Something hits you but does no damage. Something hits you!
A nearby fungus withers and dies.
You bump into the rock wall.
Something hits you!
* * * LOW HITPOINT WARNING * * *
You feel less confused. Something completely misses you. Something hits you!
You die...

#....#...
#...>#.# #......
♣♣##....#
♣♣..#....##
♣♣.P.......###.
♣.PP...........
♣.♣...#.#######.
♣♣♣##@.# ##.##
###..#####
#....†...#
#........#
#........#
#........###.
#....<.(.....
#............


There were no monsters in sight!

Vanquished Creatures
  2 adders (D:2)
  2 worms
  A dart slug (D:1)
  2 endoplasms (D:1)
  4 giant cockroaches
  3 goblins
  3 hobgoblins
  3 kobolds
  A quokka (D:2)
  A ball python (D:2)
  2 bats
  A frilled lizard (D:2)
  3 rats
28 creatures vanquished.

Vanquished Creatures (others)
  A fungus (D:3)
1 creature vanquished.

Grand Total: 29 creatures vanquished

Notes
Turn   | Place    | Note
-------+----------+-------------------------------------------
     0 | D:1      | MisterAzrael the Djinni Transmuter began the quest for the
                  | Orb.
     0 | D:1      | MisterAzrael set off with the following spells memorised:
                  | Beastly Appendage, Wereblood, Spider Form, Ice Form.
     0 | D:1      | Reached XP level 1. HP: 17/17 MP: 0/0
   349 | D:1      | Reached XP level 2. HP: 21/22 MP: 0/0
  1262 | D:2      | Reached XP level 3. HP: 24/27 MP: 0/0
  1262 | D:2      | Learned a level 1 spell: Freeze
  1360 | D:2      | Found a faded altar of an unknown god.
  2099 | D:2      | Reached XP level 4. HP: 25/33 MP: 0/0
  2429 | D:3      | Noticed Sigmund
  2444 | D:3      | Mangled by Sigmund

Illustrated notes

Levels and vault maps discovered:
D:1:      dpeg_arrival_oval, layout_loops_ring
D:2:      layout_loops_ring, nicolae_ecumenical_oubliette
D:3:      layout_rooms, mainiacjoe_overflow_big_doors, serial_corexii_hall,
          corexii_hall_statues_u, corexii_hall_statues_l, minmay_door_square,
          uniq_ijyb, uniq_crazy_yiuf_cottage, uniq_sigmund

Skill      XL: |  1  2  3 |
---------------+----------+-----
Fighting       | 2 |  2.2
Dodging        | |  2.7
Unarmed Combat | |  3.6
Spellcasting   | |  1.9

Action                   |  1- 3 |  4- 6 || total
-------------------------+-------+-------++-------
Melee: Unarmed           |    67 |     1 ||    68
       Headbutt          |     9 |       ||     9
       Punch             |     1 |       ||     1
 Cast: Beastly Appendage |    14 |       ||    14
       Wereblood         |     2 |       ||     2
       Freeze            |    26 |     9 ||    35
  Use: Scroll            |       |     1 ||     1
Armor: Robe              |    19 |     1 ||    20
Dodge: Dodged            |    57 |     4 ||    61

Table legend: (Time is in decaauts)
 A = Elapsed time spent in this place.
 B = Non-inter-level travel time spent in this place.
 C = Inter-level travel time spent in this place.
 D = Time resting spent in this place.
 E = Time spent auto-exploring this place.
 F = Levels seen in this place.
 G = Mean time per level.
                   A        B        C        D        E       F      G
               +--------+--------+--------+--------+--------+-----+--------+
         Total |   2439 |   2415 |     24 |    439 |   1702 |   3 |  813.0 |
       Dungeon |   2439 |   2415 |     24 |    439 |   1702 |   3 |  813.0 |
               +--------+--------+--------+--------+--------+-----+--------+

Top non-repeatable levels by time:
     D:2: 1168 daAuts
     D:1: 1147 daAuts
     D:3: 122 daAuts
